 Dungeon Crawl Stone Soup version 0.23.2-40-g277498a001 (webtiles) character file.

Game seed: 37800970467249703

1485 Buffaloe the Grappler (level 8, -3/68 (70) HPs)
             Began as a Ghoul Gladiator on Oct 22, 2019.
             Killed by divine providence
             ... invoked by an orc priest
              (13 damage)
             ... on level 8 of the Dungeon.
             The game lasted 00:15:49 (5695 turns).

Buffaloe the Grappler (Ghoul Gladiator)             Turns: 5695, Time: 00:15:49

HP:   -3/68 (70)    AC: 11    Str: 19    XL:     8   Next: 79%
MP:   16/16         EV:  8    Int:  4    God:
Gold: 286           SH:  0    Dex: 10    Spells: 7/7 levels left

rFire    . . .     SeeInvis .     - Unarmed
rCold    + . .     Gourm    .   (no shield)
rNeg     + + +     Faith    .   h - +0 chain mail
rPois    ∞         Spirit   .   b - +1 helmet
rElec    .         Reflect  .   (no cloak)
rCorr    .         Harm     .   (no gloves)
MR       .....                  (no boots)
Stlth    ..........             (no amulet)
HPRegen  0.00/turn              k - +3 ring of slaying (curse)
MPRegen  0.15/turn              r - ring of magical power

@: rotting, hasted, very quick
A: rotting body, claws 1, carnivore, cold resistance 1, negative energy
resistance 3, inhibited regeneration, torment resistance, unbreathing
a: no special abilities


You were on level 8 of the Dungeon.
You were not hungry.

You visited 1 branch of the dungeon, and saw 8 of its levels.

You collected 286 gold pieces.

Inventory:

Missiles
 c - a throwing net (quivered)
Armour
 b - a +1 helmet (worn)
 h - a +0 chain mail (worn)
 j - a +0 shield
Jewellery
 f - an uncursed ring of ice
 k - a cursed +3 ring of slaying (left claw)
 r - a ring of magical power (right claw)
Wands
 i - a wand of polymorph (10)
 v - a wand of random effects (15)
Scrolls
 o - 2 scrolls of remove curse
 s - a scroll of magic mapping
Potions
 a - a potion of brilliance {unknown}
 e - 2 potions of flight {unknown}
 g - 3 potions of curing {unknown}
 n - a potion of cancellation {unknown}
 p - a potion of mutation {unknown}
 q - a potion of experience {unknown}
 u - 2 potions of heal wounds {unknown}
Comestibles
 d - 6 rations


   Skills:
 + Level 6.1 Fighting
 - Level 1.7 Throwing
 + Level 4.6 Armour
 - Level 2.6 Dodging
 * Level 8.9 Unarmed Combat


You had 7 spell levels left.
You didn't know any spells.
Your spell library was empty.

Dungeon Overview and Level Annotations

Branches:
Dungeon (7/15)             Temple (0/1) D:7

Altars:
Gozag
Qazlal
Ru
Trog
Xom
Zin

Shops:
D:8 *

Annotations:
D:5 2 transporters, yogakurto's ghost, novice OgBe
D:6 Dowan; Duvessa
D:8 Joseph


Innate Abilities, Weirdness & Mutations

Your body is rotting away.
You thrive on raw meat.
You are immune to poison.
You have sharp fingernails.
You are carnivorous and can eat meat at any time.
Your flesh is cold resistant. (rC+)
You are immune to negative energy. (rN+++)
You do not regenerate when monsters are visible.
You are immune to unholy pain and torment.
You can survive without breathing.


Message History

* * * LOW HITPOINT WARNING * * *
You scratch the orc.
The orc is severely wounded.
You claw the orc!
You kill the orc!
The centaur barely misses you.
As you read the scroll of fear, it crumbles to dust.
You assume a fearsome visage.
The killer bee looks frightened! x4
The centaur looks frightened!
An orc wizard comes into view. It is wielding a +0 dagger.
The orc wizard shouts!
You hear a shout!
There is an open door here.
Things that are here:
a +0 club; a +0 leather armour
Found 2 metallic silvery potions.
An orc priest comes into view. It is wielding a +0 flail.
The orc priest shouts!
The orc priest mumbles some strange prayers to Beogh against you.
Beogh smites you!
You die...

#y#.!. #.# #y#%..
.#.# #y# ..######o#.>
#y# ......y....
######.####....o.....
#..y.c.W..)..........
##.###.####.........#
...y.............
..##.####..@......#
#. #.# #.........# #
#.# #.........# #.#
#.........# #.#
#####.....# .##### ..
.##


You could see 2 killer bees, an orc priest and an orc wizard.

Vanquished Creatures
  A hornet (D:8)
  An orc warrior (D:6)
  A sky beast (D:7)
  A hornet zombie (D:7)
  An ogre (D:4)
  A wolf (D:4)
  A scorpion (D:2)
  A howler monkey (D:6)
  2 crimson imps
  A quasit (D:5)
  A centaur zombie (D:6)
  A jelly (D:6)
  An orc priest (D:4)
  A hound (D:4)
  An iguana (D:4)
  5 orc wizards
  7 worker ants
  Terence (D:2)
  A worker ant zombie (D:8)
  3 gnolls
  5 adders
  A shadow imp (D:7)
  2 oozes
  An adder skeleton (D:7)
  2 worms
  2 dart slugs (D:1)
  2 leopard geckos
  6 orcs
  2 giant cockroaches
  7 goblins
  6 hobgoblins
  7 jackals
  2 quokkas
  7 bats
  3 frilled lizards (D:1)
  A jackal skeleton (D:4)
  5 kobolds
  8 rats
102 creatures vanquished.

Vanquished Creatures (others)
  A withered plant (D:8)
1 creature vanquished.

Grand Total: 103 creatures vanquished

Notes
Turn   | Place    | Note
-------+----------+-------------------------------------------
     0 | D:1      | Buffaloe the Ghoul Gladiator began the quest for the Orb.
     0 | D:1      | Reached XP level 1. HP: 17/17 MP: 0/0
   277 | D:1      | Reached XP level 2. HP: 25/25 MP: 1/1
   880 | D:2      | Found a stormy altar of Qazlal.
   926 | D:2      | Reached skill level 4 in Unarmed Combat
   926 | D:2      | Reached XP level 3. HP: 23/30 MP: 2/2
   939 | D:2      | Reached skill level 1 in Armour
   993 | D:2      | Noticed a scorpion
  1022 | D:2      | Killed a scorpion
  1022 | D:2      | Reached XP level 4. HP: 28/38 MP: 3/3
  1665 | D:2      | Noticed Terence
  1678 | D:2      | Killed Terence
  1772 | D:3      | Reached XP level 5. HP: 44/45 MP: 4/4
  2076 | D:3      | Reached skill level 5 in Unarmed Combat
  2841 | D:4      | Reached XP level 6. HP: 47/52 MP: 5/5
  2905 | D:4      | Found a glowing silver altar of Zin.
  3068 | D:4      | Found a sacrificial altar of Ru.
  3085 | D:4      | Reached skill level 6 in Unarmed Combat
  3105 | D:4      | Reached XP level 7. HP: 41/59 MP: 6/6
  3219 | D:5      | Entered Level 5 of the Dungeon
  3409 | D:5      | Found a transporter.
  3413 | D:5      | Noticed yogakurto's ghost (novice OgBe)
  3419 | D:5      | Identified the +8 dire flail of Dissent {freeze, MR+ Int+2}
  3428 | D:5      | Found a transporter.
  3891 | D:6      | Reached skill level 7 in Unarmed Combat
  4089 | D:6      | Reached skill level 5 in Fighting
  4337 | D:6      | Reached XP level 8. HP: 64/68 MP: 7/7
  4457 | D:6      | Found a bloodstained altar of Trog.
  4553 | D:6      | Reached skill level 8 in Unarmed Combat
  4733 | D:7      | Found a shimmering altar of Xom.
  4796 | D:7      | Noticed Dowan
  4797 | D:7      | Noticed Duvessa
  5042 | D:7      | You fall through a shaft!
  5042 | D:8      | Found Gozag's Platinum Reserve.
  5042 | D:8      | Found an opulent altar of Gozag.
  5045 | D:8      | Noticed a hornet
  5054 | D:8      | Killed a hornet
  5267 | D:8      | Noticed Joseph
  5695 | D:8      | Killed from afar by an orc priest

Skill      XL: |  1  2  3  4  5  6  7  8 |
---------------+-------------------------+-----
Unarmed Combat | 4 5 6 7 8 |  8.9
Armour         | 1 2 3 4 |  4.6
Fighting       | 3 4 5 6 |  6.1
Throwing       | |  1.7
Dodging        | |  2.6

Action                   |  1- 3 |  4- 6 |  7- 9 || total
-------------------------+-------+-------+-------++-------
Melee: Unarmed           |    16 |   133 |   151 ||   300
       Whip              |   172 |    22 |       ||   194
       Punch             |     1 |     2 |     3 ||     6
Throw: Throwing net      |       |     5 |     1 ||     6
Evoke: Wand              |       |     1 |     7 ||     8
  Use: Scroll            |     1 |     1 |     8 ||    10
       Potion            |       |       |     1 ||     1
 Stab: Held in net/web   |       |     2 |     1 ||     3
  Eat: Chunk             |    13 |    14 |    17 ||    44
Armor: Chain mail        |   130 |    39 |   132 ||   301
       Leather armour    |     3 |    14 |       ||    17
Dodge: Dodged            |    76 |    77 |    82 ||   235
